 Dungeon Crawl Stone Soup version 0.27.1-1-g398f81649c (webtiles) character file.

Game seed: 9234873908883429321

482 Icepheonix32 the Covered (level 6, -3/48 HPs)
             Began as a Demonspawn Fighter on Sept 19, 2021.
             Slain by a wyvern (10 damage)
             ... on level 5 of the Dungeon.
             The game lasted 00:08:15 (4670 turns).

Icepheonix32 the Covered (Demonspawn Fighter)       Turns: 4670, Time: 00:08:16

Health: -3/48      AC:  7    Str: 18    XL:     6   Next: 87%
Magic:  17/17      EV:  7    Int: 17    God:
Gold:   214        SH:  9    Dex: 16    Spells: 5/8 levels left

rFire    . . .     SeeInvis .   m - +1 dagger (vamp)
rCold    + . .     Faith    .   c - +0 kite shield
rNeg     + . .     Spirit   .   b - +0 scale mail
rPois    .         Reflect  .   (no helmet)
rElec    +         Harm     .   (no cloak)
rCorr    .         Rampage  .   (no gloves)
Will     .....                  (no boots)
Stlth    +.........             (no amulet)
HPRegen  0.16/turn              o - ring of Naivixot {*Corrode rElec rC+ rN+ Slay+4 Stlth+}
MPRegen  0.15/turn              w - ring of Sloth {MP+9 Int+7 Dex+4}

@: hasted, very quick
A: talons 2, powered by pain 1, spiny 1
a: no special abilities


You were on level 5 of the Dungeon.
You visited 1 branch of the dungeon, and saw 5 of its levels.
You also visited: Sewer.

You collected 214 gold pieces.

Inventory:

Hand Weapons
 a - a +0 long sword
 m - a +1 vampiric dagger (weapon)
 s - a +4 dagger
 B - a +2 mace of draining
Missiles
 e - 2 poisoned darts
 f - 5 curare-tipped darts
 H - 6 boomerangs (quivered)
Armour
 b - a +0 scale mail (worn)
 c - a +0 kite shield (worn)
Jewellery
 l - a ring of protection from fire
 o - the ring of Naivixot (left hand) {*Corrode rElec rC+ rN+ Slay+4 Stlth+}
   (You acquired it on level 3 of the Dungeon)

   [ring of slaying]

   Slay:      It affects your accuracy & damage with ranged weapons and melee
   (+4).
   rC:        It protects you from cold.
   rElec:     It insulates you from electricity.
   rN:        It protects you from negative energy.
   *Corrode:  It may corrode you when you take damage.
   Stlth:     It makes you more stealthy.
 w - the ring of Sloth (right hand) {MP+9 Int+7 Dex+4}
   (You found it on level 4 of the Dungeon)

   [ring of magical power]

   Int:       It affects your intelligence (+7).
   Dex:       It affects your dexterity (+4).
   MP:        It affects your magic capacity (+9).
Wands
 y - a wand of paralysis (8)
Scrolls
 q - a scroll of blinking
 r - a scroll of noise {unknown}
 t - 2 scrolls of fear
 v - 2 scrolls of fog
 C - a scroll of teleportation
 D - 2 scrolls of acquirement
 E - a scroll of magic mapping {unknown}
 F - 3 scrolls of immolation {unknown}
Potions
 d - 2 potions of might
 g - a potion of ambrosia {unknown}
 h - a potion of magic
 i - a potion of flight
 j - a potion of curing {unknown}
 k - 2 potions of haste
 n - 2 potions of resistance {unknown}
 p - a potion of lignification {unknown}
 u - 2 potions of mutation {unknown}
 x - 3 potions of invisibility {unknown}
 z - a potion of heal wounds {unknown}
 A - a potion of cancellation {unknown}
 G - a potion of degeneration {unknown}


   Skills:
 * Level 4.2 Fighting
 + Level 1.8(2.7) Short Blades
 - Level 3.0(3.3) Long Blades
 + Level 4.3 Armour
 + Level 0.5 Dodging
 + Level 0.4 Stealth
 + Level 3.7 Shields
 * Level 1.6 Spellcasting


You had 5 spell levels left.
You knew the following spells:

 Your Spells              Type           Power      Damage    Failure   Level
a - Mephitic Cloud        Conj/Pois/Air  1%         N/A       100%        3

Your spell library contained the following spells:

 Spells                   Type           Power      Damage    Failure   Level
 Slow                     Hex            1%         N/A       98%         2
 Confusing Touch          Hex            1%         N/A       100%        3
 Ignite Poison            Fire/Tmut/Pois 1%         N/A       100%        3
 Bolt of Magma            Conj/Fire/Erth 0%         4d4       100%        5
 Yara's Violent Unravell  Hex/Tmut       0%         3d3       100%        5


Dungeon Overview and Level Annotations

Branches:
Dungeon (5/15)              Sewer (visited)
 Temple: D:4-7

Altars:
The Shining One


Innate Abilities, Weirdness & Mutations

You have razor-sharp toenails.
You sometimes gain a little power by taking damage.
You are partially covered in sharp spines.


Message History

No target in view!
Done exploring.
Done exploring.
(D) Dungeon
Where to? (Enter - D:4, ? - help)
There is a stone staircase leading down here.
You climb downwards.
There is a stone staircase leading up here.
Found a scimitar.
A wyvern comes into view.
Your shield prevents you from hitting the wyvern.
You claw the wyvern!
The wyvern is moderately wounded.
The wyvern is struck by your spines.
The wyvern bites you but does no damage.
The wyvern bites you!
You hit the wyvern but do no damage. Your kick misses the wyvern.
The wyvern is moderately wounded.
The wyvern barely misses you. The wyvern bites you!
You closely miss the wyvern.
The wyvern is moderately wounded.
The wyvern bites you!
The wyvern bites you but does no damage.
You closely miss the wyvern.
The wyvern is moderately wounded.
The wyvern barely misses you.
You hit the wyvern.
You feel better.
Your kick misses the wyvern.
The wyvern is heavily wounded.
The wyvern bites you. You block the wyvern's attack.
You barely miss the wyvern. You claw the wyvern!
The wyvern is severely wounded.
The wyvern bites you!
* * * LOW HITPOINT WARNING * * *
You block the wyvern's attack.
It was a potion of magic.
Magic courses through your body. You block the wyvern's attack.
It was a potion of haste.
You feel yourself speed up. You block the wyvern's attack.
The wyvern is struck by your spines. The wyvern bites you!
You die...

###.#..# ... ..#.#..#
.. #.#.#..# ..
#####.#.#..# .
.....#.#..# #.
#..#<#..# #####.#
#....#..#
...)...######..#....#
#...l@......#.#.##
.PPP.#.######.##.#..#


PP. #. #....#..# P #. #######.# #. .. #. ### #. #. You could see a wyvern.

Vanquished Creatures
  A phantom (D:4)
  A water moccasin skeleton (D:4)
  An orc priest (D:4)
  Jessica (D:2)
  An iguana (D:4)
  7 adders
  6 river rats (Sewer)
  A white imp (D:4)
  An ufetubus (D:4)
  A worm (D:2)
  2 dart slugs (D:1)
  10 orcs (D:4)
  8 endoplasms
  A giant cockroach (D:1)
  14 goblins
  13 hobgoblins
  24 kobolds
  2 quokkas
  8 ball pythons
  4 bats
  7 frilled lizards
  3 hobgoblin zombies (D:4)
  2 kobold skeletons (D:4)
  4 orc skeletons (D:4)
  An orc zombie (D:4)
  26 rats
150 creatures vanquished.

Notes
Turn   | Place    | Note
-------+----------+-------------------------------------------
     0 | D:1      | Icepheonix32 the Demonspawn Fighter began the quest for the
                  | Orb.
     0 | D:1      | Reached XP level 1. HP: 18/18 MP: 1/1
   450 | D:1      | Gained mutation: You are partially covered in sharp spines.
                  | [demonic ancestry]
   450 | D:1      | Reached XP level 2. HP: 19/24 MP: 2/2
   533 | D:1      | Found a faded altar of an unknown god.
  1277 | D:2      | Noticed Jessica
  1283 | D:2      | Killed Jessica
  1284 | D:2      | Reached XP level 3. HP: 26/29 MP: 3/3
  1680 | D:2      | Gained mutation: You sometimes gain a little power by
                  | taking damage. [demonic ancestry]
  1680 | D:2      | Reached XP level 4. HP: 35/35 MP: 4/4
  1875 | D:3      | Identified a scroll of acquirement
  1876 | D:3      | Acquired the ring of Naivixot {*Corrode rElec rC+ rN+
                  | Slay+4 Stlth+}
  2128 | D:3      | Found a glowing drain.
  2170 | Sewer    | Entered a sewer
  2637 | Sewer    | Gained mutation: You have sharp toenails. [demonic
                  | ancestry]
  2637 | Sewer    | Reached XP level 5. HP: 39/41 MP: 5/5
  2743 | Sewer    | Reached skill level 1 in Short Blades
  3298 | D:3      | Learned a level 3 spell: Mephitic Cloud
  3609 | D:4      | Identified the ring of Sloth {MP+9 Int+7 Dex+4}
  3636 | D:4      | Reached skill level 1 in Spellcasting
  3720 | D:4      | Gained mutation: You have razor-sharp toenails. [demonic
                  | ancestry]
  3720 | D:4      | Reached XP level 6. HP: 48/48 MP: 7/7
  4646 | D:5      | Entered Level 5 of the Dungeon
  4661 | D:5      | Noticed a wyvern
  4670 | D:5      | Slain by a wyvern

Illustrated notes

Levels and vault maps discovered:
D:1:      psy_arrival_terrarium, layout_basic,
          shapermc_ecumenical_altar_notcrosses
D:2:      layout_loops_ring, uniq_jessica
D:3:      cheibrodos_greedy_goblins, layout_basic, portal_sewer_entry_c
D:4:      minmay_recursive_quarters, layout_cave_pods,
          nicolae_tso_besieged_by_evil
D:5:      layout_basic, fedhas_altar_3, nicolae_dithmenos_the_darkroom,
          lemuel_doored_altar, hangedman_decor_riveting

Skill      XL: |  1  2  3  4  5  6 |
---------------+-------------------+-----
Long Blades    | 2 3 |  3.0
Armour         | 3 4 |  4.3
Shields        | 3 |  3.7
Short Blades   | 1 |  1.8
Spellcasting   | 1 |  1.6
Fighting       | 4 |  4.2
Dodging        | |  0.5
Stealth        | |  0.4

Action                   |  1- 3 |  4- 6 || total
-------------------------+-------+-------++-------
Melee: Long sword        |    52 |       ||    52
       Dagger            |    21 |   216 ||   237
       Kick              |       |    35 ||    35
Throw: Boomerang         |       |     1 ||     1
  Use: Scroll            |       |     7 ||     7
       Potion            |       |     2 ||     2
Armor: Scale mail        |    28 |    70 ||    98
Dodge: Dodged            |    18 |    54 ||    72
Block: Kite shield       |    22 |   113 ||   135
       Rpst.: Long sword |     4 |       ||     4
